Map: 사이버 포레스트 - 래더

Players

lllIIIIllll (Creator) - Winner!

  • Race: Protoss Protoss
  • League: Master
  • Spawn Location: 5:00

Clem

  • Race: Terran Terran
  • League: Grandmaster
  • Spawn Location: 11:00

Event: HomeStory Cup XIX

VOD

Have the link to the VOD?

Description

Time

  • Played on: June 27, 2019, 9:25 a.m.
  • Length: 15:17

All games in this series

Show
View Real Time Build Order
Export as new Build Order

lllIIIIllll Protoss - Winner!

Build Orders: 1 Gate Expand, Phoenix Opening, Chargelot Immortal, Colossus Rush 

Get SALT Encoding   

  12  0:00  Probe  
  13  0:12  Probe  
  14  0:19  Pylon  
  14  0:24  Probe  
  15  0:33  Probe  
  15  0:38  Gateway  
  15  0:41  Probe  
  16  0:46  Assimilator  
  17  0:51  Probe  
  18  1:03  Probe  
  19  1:15  Probe  
  20  1:23  Nexus  
  20  1:33  Cybernetics Core  
  20  1:36  Probe  
  21  1:42  Assimilator  
  21  1:48  Probe  
  21  1:51  Pylon  
  22  2:00  Probe, Adept  
  23  2:13  Probe  
  26  2:19  Stargate  
  26  2:23  Warp Gate  
  26  2:25  Probe  
  26  2:29  Adept  
  27  2:35  Probe x2  
  31  2:43  Probe x2  
  33  2:51  Probe  
  33  2:52  Probe  
  33  2:58  Phoenix  
  35  3:03  Probe x2  
  39  3:15  Probe x2  
  39  3:17  Phoenix  
  41  3:21  Pylon  
  44  3:27  Probe x2  
  44  3:28  Robotics Facility  
  45  3:39  Probe x2  
  47  3:43  Phoenix  
  49  3:50  Pylon  
  49  3:51  Probe x2  
  51  4:01  Gateway  
  51  4:02  Gateway  
  51  4:03  Probe  
  51  4:05  Probe  
  53  4:10  Assimilator  
  53  4:11  Assimilator  
  53  4:15  Probe  
  54  4:18  Observer  
  54  4:19  Probe  
  54  4:22  Forge  
  56  4:24  Pylon  
  56  4:25  Robotics Bay  
  56  4:27  Probe  
  57  4:32  Probe  
  57  4:35  Immortal  
  58  4:39  Probe  
  63  4:58  Stalker  
  63  4:59  Stalker x2  
  69  5:01  Pylon  
  69  5:04  Colossus, Pylon  
  69  5:10  Pylon  
  69  5:17  Protoss Ground Armor Level 1  
  69  5:19  Nexus  
  69  5:25  Shield Battery  
  75  5:31  Sentry, Zealot x2  
  75  5:34  Probe  
  75  5:35  Probe  
  83  5:42  Pylon  
  83  5:44  Extended Thermal Lance  
  83  5:47  Colossus  
  83  5:54  Gateway  
  83  5:56  Gateway  
  83  5:57  Probe x2  
  85  6:08  Stalker  
  93  6:11  Probe  
  93  6:15  Probe  
  91  6:19  Probe  
  92  6:27  Probe, Twilight Council  
  92  6:28  Zealot  
  92  6:29  Probe, Sentry  
  92  6:31  Observer, Probe  
  99  6:38  Stalker, Shield Battery  
  99  6:39  Probe, Colossus  
  102  6:43  Probe x2  
  110  6:56  Stalker  
  112  7:05  Charge, Zealot x2  
  116  7:13  Pylon  
  116  7:15  Pylon  
  116  7:16  Pylon  
  116  7:24  Immortal  
  116  7:29  Probe  
  117  7:31  Probe x2  
  117  7:35  Zealot x4  
  131  7:40  Stalker  
  131  7:41  Protoss Ground Armor Level 2  
  131  7:42  Pylon  
  133  7:48  Observer  
  105  8:00  Stalker x4  
  101  8:08  Immortal  
  101  8:09  Probe  
  101  8:10  Probe x2  
  102  8:15  Gateway  
  102  8:16  Gateway  
  102  8:17  Forge  
  102  8:18  Assimilator  
  106  8:22  Assimilator  
  106  8:26  Templar Archives  
  106  8:28  Pylon  
  106  8:29  Zealot  
  106  8:30  Zealot x3  
  114  8:36  Probe  
  114  8:37  Probe x2  
  117  8:43  Stalker  
  117  8:47  Warp Prism  
  117  8:48  Protoss Ground Weapons Level 1  
  119  8:55  Psionic Storm  
  121  9:00  Sentry, Zealot x2  
  127  9:04  Nexus  
  127  9:13  High Templar x2  
  131  9:17  Pylon  
  131  9:24  Zealot x2, High Templar  
  131  9:26  Zealot x2  
  131  9:30  Archon  
  141  9:41  Immortal  
  145  9:48  Photon Cannon, High Templar  
  145  9:49  Shield Battery, High Templar  
  145  9:50  Probe x3  
  145  9:51  Pylon  
  152  9:54  Stalker  
  152  9:55  Zealot x3  
  152  9:59  Shield Battery  
  160  10:03  Blink  
  160  10:13  High Templar  
  160  10:16  High Templar  
  160  10:17  Zealot x3  
  160  10:18  Gateway  
  160  10:20  Gateway  
  166  10:23  Archon  
  162  10:40  Stalker x4  
  162  10:41  Immortal  
  174  10:51  Stalker x3  
  180  11:00  Assimilator  
  180  11:03  Assimilator  
  176  11:07  Stalker x3  
  181  11:29  Immortal  
  183  11:37  Stalker x3  
  163  11:56  Stalker x5  
  163  12:00  Zealot  
  161  12:06  Stalker x2  
  156  12:13  Stalker  
  150  12:23  Photon Cannon  
  150  12:24  Photon Cannon  
  132  12:39  Photon Cannon  
  132  12:40  Photon Cannon  
  132  12:41  Photon Cannon, Zealot x2  
  132  12:42  Photon Cannon, Pylon  
  128  12:58  Pylon  
  105  13:18  Gateway x2  
  105  13:19  Dark Shrine  
  104  13:20  Stalker x2  
  90  13:44  Stalker x2  
  90  13:46  Pylon  
  90  13:47  Pylon  
  94  13:53  Pylon  
  94  13:55  Pylon  
  91  14:03  Pylon  
  91  14:07  Stalker x2  
  95  14:10  Pylon  
  87  14:19  Stalker x2  
  87  14:20  Zealot  
  67  14:32  Zealot x8  
  67  14:34  Twilight Council  
  67  14:37  Probe x2, Robotics Facility  
  83  14:42  Templar Archives  
  83  14:45  Stalker x2  
  83  14:46  Stalker  
  86  14:57  Stalker, Sentry x2  
  86  14:58  Stalker x5  
Show
View Real Time Build Order
Export as new Build Order

Clem Terran 

Build Orders: Reaper Expand 

Get SALT Encoding   

  12  0:00  SCV  
  13  0:12  SCV  
  14  0:17  Supply Depot  
  14  0:24  SCV  
  15  0:38  SCV  
  15  0:39  Barracks  
  16  0:44  Refinery  
  16  0:50  SCV  
  17  1:02  SCV  
  18  1:14  SCV  
  19  1:26  Reaper  
  19  1:28  Orbital Command  
  20  1:41  Command Center  
  20  1:49  Supply Depot  
  20  1:54  SCV  
  21  1:59  Barracks Reactor  
  21  2:06  SCV  
  22  2:09  Bunker  
  22  2:14  Refinery  
  22  2:20  SCV  
  23  2:24  Factory  
  23  2:32  SCV  
  23  2:34  Marine  
  23  2:35  Marine  
  26  2:44  SCV  
  27  2:52  Marine  
  27  2:53  Orbital Command, Marine  
  27  2:57  SCV  
  30  3:08  Starport  
  30  3:11  Marine x2  
  32  3:13  Factory Tech Lab, SCV  
  33  3:20  Supply Depot  
  33  3:21  SCV  
  33  3:26  SCV  
  35  3:31  Marine x2  
  35  3:32  Siege Tank  
  40  3:35  SCV  
  40  3:38  SCV  
  42  3:42  Supply Depot  
  42  3:46  Viking  
  44  3:49  SCV  
  44  3:50  SCV  
  46  3:59  Marine x2  
  35  4:02  Liberator  
  48  4:03  Supply Depot  
  48  4:04  Siege Tank, SCV  
  48  4:06  SCV  
  53  4:17  Marine x2  
  52  4:18  SCV  
  52  4:19  SCV  
  52  4:23  Barracks  
  59  4:27  Supply Depot  
  59  4:33  SCV x2  
  59  4:34  Marine x2  
  62  4:42  Barracks  
  62  4:44  Siege Tank  
  62  4:45  SCV  
  66  4:48  Supply Depot  
  66  4:51  SCV  
  67  4:55  Marine x2  
  67  4:56  Refinery  
  67  4:57  SCV  
  70  5:03  Starport Tech Lab, SCV  
  70  5:06  Supply Depot  
  71  5:10  Engineering Bay  
  71  5:13  Marine x2, SCV  
  73  5:15  SCV  
  74  5:25  Factory Reactor, Stimpack, SCV  
  74  5:27  Marine  
  74  5:28  SCV  
  77  5:33  Starport Reactor  
  77  5:37  Refinery, SCV  
  77  5:39  Missile Turret x2  
  77  5:40  SCV  
  77  5:42  Marine x3, Terran Infantry Weapons Level 1  
  81  5:48  Supply Depot  
  82  5:50  Combat Shield  
  82  5:54  Marauder  
  84  5:57  Supply Depot  
  84  6:01  Marauder  
  84  6:02  Marine x2  
  88  6:05  Supply Depot  
  88  6:15  Marauder  
  88  6:17  Medivac x2  
  91  6:20  Marine x2, Supply Depot  
  91  6:22  Widow Mine  
  91  6:23  Widow Mine  
  97  6:26  Supply Depot  
  97  6:29  Marauder  
  99  6:36  Command Center  
  99  6:40  Marine x2  
  99  6:41  Marauder  
  99  6:46  Widow Mine x2  
  107  6:49  Medivac x2  
  111  6:55  Supply Depot  
  111  6:58  Marauder  
  111  6:59  Marine x2  
  114  7:02  Marauder, SCV x2  
  114  7:07  Supply Depot  
  115  7:08  Concussive Shells  
  115  7:14  SCV x2  
  113  7:16  Widow Mine x2  
  114  7:26  Marine x2, Marauder x2, SCV  
  114  7:27  SCV  
  118  7:38  SCV  
  118  7:39  Widow Mine x2  
  118  7:43  Barracks  
  123  7:46  Barracks  
  119  7:52  Marauder  
  119  7:54  Marauder  
  119  7:55  Marine  
  119  7:56  Marine  
  89  8:10  SCV  
  89  8:11  SCV  
  86  8:13  Marauder, Marine  
  86  8:14  Medivac x2  
  86  8:19  Marine  
  89  8:21  Marauder, Starport  
  89  8:23  Terran Infantry Armor Level 1  
  89  8:26  Orbital Command  
  92  8:33  Marine, Liberator x2  
  93  8:35  Barracks Reactor, Marauder, Barracks Tech Lab  
  93  8:37  Marine, SCV  
  102  8:48  SCV  
  102  8:52  Refinery  
  102  8:53  Refinery, SCV  
  106  8:55  SCV  
  106  8:57  Marine  
  107  9:02  Marine  
  107  9:04  SCV  
  107  9:05  Marauder x2  
  107  9:06  Marauder  
  107  9:09  SCV x2  
  117  9:10  Liberator  
  117  9:14  Liberator  
  117  9:16  Armory, SCV  
  118  9:17  Liberator  
  118  9:19  Marine, Engineering Bay  
  118  9:20  Marine x2  
  119  9:24  Marine  
  119  9:26  Marine  
  129  9:38  Marine  
  129  9:40  Marauder  
  129  9:42  Marine x2  
  130  9:46  SCV x2  
  130  9:48  Marine  
  130  9:49  Marauder x2  
  135  9:52  Liberator  
  135  9:53  SCV  
  135  9:56  Marine  
  137  10:01  Marine x2  
  137  10:06  Marauder  
  140  10:10  Command Center  
  143  10:14  Terran Infantry Weapons Level 2  
  142  10:21  Marine x3  
  142  10:22  Marine  
  142  10:23  Marauder  
  142  10:28  Supply Depot  
  148  10:29  Terran Infantry Armor Level 2  
  148  10:32  Marauder  
  150  10:37  Supply Depot  
  150  10:40  Supply Depot  
  150  10:41  Marine x3  
  152  10:45  Liberator  
  152  10:53  Marauder x2  
  152  10:54  SCV  
  152  10:55  SCV  
  152  10:56  Marine  
  158  10:59  Marauder  
  158  11:00  Marine x2  
  165  11:09  Marine  
  165  11:14  Marauder, Marine  
  165  11:15  Marauder, Medivac x2  
  174  11:21  Marauder  
  174  11:22  Starport  
  174  11:24  Terran Ship Weapons Level 1  
  176  11:26  Planetary Fortress  
  176  11:27  Liberator  
  176  11:36  Marauder, Liberator  
  176  11:38  Marauder, Marine, SCV x2  
  165  11:42  Marauder  
  165  11:46  Liberator  
  168  11:47  Orbital Command, Marine  
  168  11:48  Marine  
  166  11:54  Liberator  
  166  11:57  Marauder  
  166  11:59  Marauder  
  159  12:03  Liberator  
  159  12:04  Marine, Marauder  
  160  12:09  Marine x2  
  160  12:10  Liberator  
  139  12:24  Marine  
  132  12:31  Marauder x2  
  132  12:35  Marine  
  132  12:36  Marine  
  111  12:48  Marine  
  111  12:50  Marauder  
  108  12:52  Marine x2  
  108  12:57  Marine  
  108  12:58  Marine  
  104  13:06  Marine  
  104  13:10  Marauder, Marine  
  104  13:11  Marauder  
  106  13:15  Marine x2  
  108  13:23  Marine  
  106  13:28  Marine  
  106  13:32  Marine, Marauder  
  106  13:33  Marine  
  100  13:35  Marine  
  91  13:41  Marine  
  91  13:46  Marine  
  93  13:50  Marine  
  93  13:51  Marine  
  89  13:56  Command Center  
  89  13:59  Marine  
  86  14:03  Marine  
  80  14:17  Marine x2  
  61  14:34  Marine x2  
  61  14:35  Marine x3  
  62  14:41  SCV x2  
  62  14:42  Refinery x2  
  64  14:50  Marine  
  65  14:53  SCV x2  
  65  14:56  Marine x3  
  73  15:03  Barracks Tech Lab  
  74  15:08  Barracks  
  74  15:09  Barracks  
Tags
 
Add a new tag
Caveats
  • Supply blocks, unpowered buildings, or Contaminate may cause inaccurate times.
  • Supply counts are checked every 10 seconds.